 Dungeon Crawl Stone Soup version 0.30-a0-1075-gcd70e7a56d (webtiles) character file.

Game seed: 6190891053702182533

92 Esekla the Covert (level 4, -3/31 HPs)
             Began as an Octopode Delver on Apr 14, 2023.
             Was an Initiate of Gozag.
             Slain by a mummy (18 damage)
             ... in an ossuary.
             The game lasted 00:04:57 (654 turns).

Esekla the Covert (Octopode Delver)                  Turns: 654, Time: 00:04:58

Health: -3/31      AC:  1    Str: 11    XL:     4   Next: 60%
Magic:  4/4        EV: 13    Int: 14    God:    Gozag
Gold:   100        SH:  0    Dex: 13    Spells: 4/4 levels left

rFire   + . .      SeeInvis .    a - +0 falchion
rCold   . . .      Faith    .    (no shield)
rNeg    . . .      Spirit   .    (helmet restricted)
rPois   .          Reflect  .    (no amulet)
rElec   .          Rampage  .    g - ring of protection from fire
rCorr   .                        (no ring)
Will    .....                    (no ring)
Stlth   +++++                    (no ring)
HPRegen 0.25/turn                (no ring)
MPRegen 0.09/turn                (no ring)
                                 (no ring)
                                 (no ring)

@: marked
A: almost no armour, amphibious, 8 rings, camouflage 1, gelatinous body 1,
(nimble swimmer 1), tentacles
a: Renounce Religion, Potion Petition, Call Merchant, Bribe Branch


You were in an ossuary.
You worshipped Gozag.
Gozag was aware of your devotion.
You visited 2 branches of the dungeon, and saw 3 of its levels.
You also visited: Ossuary.

You collected 109 gold pieces.
You paid 9 gold pieces to Gozag.

Inventory:

Hand Weapons
 a - a +0 falchion (weapon)
Jewellery
 g - a ring of protection from fire (left tentacle)
Wands
 f - a wand of digging (3)
Scrolls
 b - a scroll of fog
 c - 2 scrolls of vulnerability {unknown}
 d - a scroll of fear
 h - a scroll of identify {unknown}
 i - a scroll of teleportation {unknown}
Potions
 e - 3 potions of haste
 j - a potion of curing {unknown}


   Skills:
 * Level 3.3 Fighting
 * Level 2.4 Long Blades
 * Level 2.2 Dodging
 + Level 8.2 Stealth
 * Level 0.5 Spellcasting


You had 4 spell levels left.
You didn't know any spells.
Your spell library was empty.

Dungeon Overview and Level Annotations

Branches:
Dungeon (5/15)             Temple (1/1) D:5         Ossuary (1/1)

Altars:
Ashenzari
Dithmenos
Gozag
Hepliaklqana
Makhleb
Nemelex Xobeh
Okawaru
Qazlal
Ru
Trog
Vehumet
Yredelemnul
Zin
The Shining One

Shops:
D:5 (

Annotations:
D:4 Grinder


Innate Abilities, Weirdness & Mutations

You cannot wear most types of armour.
You are amphibious.
You can wear up to eight rings at the same time.
Your skin changes colour to match your surroundings (Stealth+).
Your rubbery body absorbs attacks. (AC +1, EV +1)
((You are camouflaged when in or above water. (Stealth+)))
You have tentacles for arms and can constrict up to eight enemies at once.


Message History

The centaur zombie kicks you but does no damage.
The centaur zombie hits you. The centaur zombie closely misses you.
You completely miss the centaur zombie.
The centaur zombie is severely damaged.
The centaur zombie barely misses you. The centaur zombie closely misses you.
You hit the centaur zombie but do no damage.
You squeeze the centaur zombie.
The centaur zombie is almost destroyed.
The centaur zombie hits you. The centaur zombie barely misses you.
You slash the centaur zombie!
You destroy the centaur zombie!
A goblin zombie comes into view.
There is an open door here.
You see here 6 gold pieces.
You now have 100 gold pieces (gained 6).
There is an open door here.
There is an open door here.
Really wriggle onto that alarm trap?
You set off the alarm!
The alarm trap emits a blaring wail!
The mark upon you grows brighter.
You see here 2 potions of haste.
e - 3 potions of haste (gained 2)
You hit the mummy. Your grab misses the mummy.
The mummy is lightly damaged.
The mummy hits you.
You barely miss the mummy. Your grab misses the mummy. You squeeze the mummy.
The mummy is moderately damaged.
The mummy hits you!
You hit the mummy. Your grab misses the mummy.
The mummy is heavily damaged.
You hit the mummy. Your grab misses the mummy.
The mummy is severely damaged.
The mummy hits you.
You hit the mummy but do no damage. You grab the mummy.
The mummy is severely damaged.
You constrict the mummy. The mummy hits you!!
Ouch! That really hurt!
You die...
Your body crumbles into a pile of gold.

## ##M ##### !! ###
#..?# .M #.. #.?.#
#. #.. ##@## #. ##.
###M# ###+### #.
#.'Z## ##.....## ##.
###..###.......###..
#.'..^#.........#^..
###...'....⌠....'...
#.'...#.........#...
###..###.......###..
'.## ##.....## ##.


You could see a mummy and a goblin zombie.

Vanquished Creatures
  A howler monkey (D:4)
  A centaur zombie (Ossuary)
  A mummy (Ossuary)
  A gnoll zombie (Ossuary)
  3 jackals (D:4)
  A ball python (D:4)
  2 goblin zombies (Ossuary)
  A hobgoblin zombie (Ossuary)
  2 kobold zombies (Ossuary)
13 creatures vanquished.

Vanquished Creatures (others)
  A butterfly (D:4)
1 creature vanquished.

Grand Total: 14 creatures vanquished

Notes
Turn   | Place    | Note
-------+----------+-------------------------------------------
     0 | D:5      | Esekla the Octopode Delver began the quest for the Orb.
     0 | D:5      | Reached XP level 1. HP: 16/16 MP: 1/1
    46 | D:5      | Found a staircase to the Ecumenical Temple.
    55 | Temple   | Entered the Ecumenical Temple
   281 | Temple   | Became a worshipper of Gozag Ym Sagoz the Greedy
   361 | D:5      | Found Risch's Weapon Boutique.
   389 | D:4      | Noticed a howler monkey
   413 | D:4      | Killed a howler monkey
   414 | D:4      | Reached skill level 7 in Stealth
   414 | D:4      | Reached XP level 2. HP: 21/21 MP: 2/2
   414 | D:4      | Reached XP level 3. HP: 26/26 MP: 3/3
   479 | D:4      | Found a sand-covered staircase.
   482 | D:4      | Noticed Grinder
   491 | Ossuary  | Entered an ossuary
   602 | Ossuary  | Reached skill level 8 in Stealth
   602 | Ossuary  | Reached XP level 4. HP: 29/31 MP: 4/4
   654 | Ossuary  | Slain by a mummy

Illustrated notes

Levels and vault maps discovered:
D:4:      layout_loops_cross, nicolae_elyvilon_peaceful_grove, enter_ossuary_2,
          uniq_blork_the_orc, uniq_grinder
D:5:      layout_basic, temple_statues, serial_shops,
          nicolae_shop_bloodbath_and_beyond
Temple:   minmay_temple_curvy_branch
Ossuary:  ossuary_crypta

Skill      XL: |  1  2  3 |
---------------+----------+-----
Stealth        | 7 8 |  8.2
Fighting       | |  3.3
Long Blades    | |  2.4
Dodging        | |  2.2
Spellcasting   | |  0.5

Action                     |  1- 3 |  4- 6 || total
---------------------------+-------+-------++-------
  Melee: Falchion          |    25 |    13 ||    38
         Constrict         |     5 |     1 ||     6
         Tentacles         |     4 |     3 ||     7
    Use: Scroll            |     1 |       ||     1
   Stab: Sleeping          |     5 |     2 ||     7
 Armour: Skin              |     1 |     1 ||     2
  Dodge: Dodged            |    18 |     8 ||    26

Table legend: (Time is in decaauts)
 A = Elapsed time spent in this place.
 B = Non-inter-level travel time spent in this place.
 C = Inter-level travel time spent in this place.
 D = Time resting spent in this place.
 E = Time spent auto-exploring this place.
 F = Levels seen in this place.
 G = Mean time per level.
                   A        B        C        D        E       F      G
               +--------+--------+--------+--------+--------+-----+--------+
         Total |    661 |    638 |     23 |     13 |    221 |   4 |  165.2 |
       Dungeon |    245 |    244 |      1 |      0 |      0 |   2 |  122.5 |
        Temple |    248 |    226 |     22 |      0 |    221 |   1 |  248.0 |
       Ossuary |    166 |    166 |      0 |     13 |      0 |   1 |  166.0 |
               +--------+--------+--------+--------+--------+-----+--------+

Top non-repeatable levels by time:
  Temple: 248 daAuts
 Ossuary: 166 daAuts
     D:5: 138 daAuts
     D:4: 107 daAuts
